 Dungeon Crawl Stone Soup version 0.18.1-8-gdd0e5ea (webtiles) character file.

8559 imganon the Grappler (level 11, -3/112 HPs)
             Began as a Demonspawn Berserker on May 22, 2016.
             Was a High Priest of Trog.
             Slain by a blink frog (14 damage)
             ... on level 1 of the Lair of Beasts.
             The game lasted 00:13:27 (9756 turns).

imganon the Grappler (Demonspawn Berserker)         Turns: 9756, Time: 00:13:27

Health: -3/112     AC: 11    Str: 25    XL:     11   Next: 11%
Magic:  11/11      EV:  7    Int:  8    God:    Trog [*****.]
Gold:   675        SH:  0    Dex: 16    Spells: 0 memorised, 10 levels left

rFire  . . .     SeeInvis .       - Unarmed
rCold  . . .     Gourm    .     j - +0 plate armour
rNeg   . . .     Faith    .     (no shield)
rPois  .         Spirit   .     (helmet restricted)
rElec  .         Dismiss  .     g - +0 cloak
rCorr  .         Reflect  .     (no gloves)
SustAt +         Harm     .     (boots unavailable)
MR     .....                    (no amulet)
Stlth  ..........               A - +2 ring of dexterity
                                G - ring of sustain attributes

@: berserking, drained, very quick, not resistant to hostile enchantments,
extremely unstealthy
A: antennae 2, hooves 3, powered by death 1
a: Berserk, Trog's Hand, Brothers in Arms, Burn Spellbooks, Renounce Religion


You were on level 1 of the Lair of Beasts.
You worshipped Trog.
Trog was extremely pleased with you.
You were not hungry.

You visited 2 branches of the dungeon, and saw 11 of its levels.

You collected 675 gold pieces.

Inventory:

Armour
 g - a +0 cloak (worn)
 j - a +0 plate armour (worn)
Jewellery
 A - a +2 ring of dexterity (right hand)
 G - a ring of sustain attributes (left hand)
Wands
 a - a wand of paralysis (8/24)
 x - a wand of random effects (27/48)
 D - a wand of iceblast (6/15)
 F - a wand of polymorph (14/24)
 I - a wand of heal wounds (3/9)
 O - a wand of confusion (20/48)
Scrolls
 f - 3 scrolls of amnesia {unknown}
 i - 2 scrolls of enchant weapon {unknown}
 k - 12 scrolls of identify {unknown}
 l - 2 scrolls of fear {unknown}
 m - 2 scrolls of magic mapping {unknown}
 n - 6 scrolls of remove curse {unknown}
 o - 2 scrolls of random uselessness {unknown}
 q - 2 scrolls of teleportation {unknown}
 r - 3 scrolls of fog {unknown}
 s - 2 scrolls of immolation {unknown}
 u - 6 scrolls of recharging {unknown}
 y - 5 scrolls of enchant armour {unknown}
 C - 3 scrolls of holy word {unknown}
 E - a scroll of brand weapon {unknown}
 M - 2 scrolls of noise {unknown}
Potions
 d - 2 potions of flight {unknown}
 e - 2 potions of curing
 h - 2 potions of heal wounds {unknown}
 p - 5 potions of brilliance {unknown}
 t - a potion of resistance {unknown}
 z - 2 potions of degeneration {unknown}
 B - a potion of invisibility {unknown}
 H - a potion of berserk rage {unknown}
 J - a potion of cancellation {unknown}
 L - a potion of cure mutation {unknown}
 P - a potion of might {unknown}
Books
 N - a book of Flames

   Spells                             Type                      Level
   a - Flame Tongue                   Conjuration/Fire             1
   b - Throw Flame                    Conjuration/Fire             2
   c - Conjure Flame                  Conjuration/Fire             3
   d - Inner Flame                    Hexes/Fire                   3
   e - Sticky Flame                   Conjuration/Fire             4
   f - Fireball                       Conjuration/Fire             5
   Trog disapproves of the use of such an item.
Comestibles
 b - 7 meat rations
 c - 6 bread rations
 v - a beef jerky
 w - 8 royal jellies
 K - 2 chunks of flesh


   Skills:
 - Level 3.0(2.4) Fighting
   Level 3.8(3.2) Axes
 - Level 1.7(1.2) Armour
 - Level 1.7(1.2) Dodging
 + Level 14.8(14.1) Unarmed Combat


You had 10 spell levels left.
You didn't know any spells.

Dungeon Overview and Level Annotations

Branches:
Dungeon (10/15)            Temple (0/1) D:4            Lair (1/8) D:8
    Orc: D:9-12

Altars:
Cheibriados
Dithmenos
Elyvilon
Fedhas
Kikubaaqudgha
Makhleb
Nemelex Xobeh
Okawaru
Pakellas
Ru
Sif Muna
Trog
Vehumet
Xom
Yredelemnul

Shops:
D:8 (

Annotations:
D:10 1 runed door


Innate Abilities, Weirdness & Mutations

You have a pair of antennae on your head.
You have hooves in place of feet.
You regenerate a little health from kills.


Message History

The blink frog hits you!
* * * LOW HITPOINT WARNING * * *
Unknown command.
You closely miss the blink frog. You kick the blink frog.
You kill the blink frog!
Trog accepts your kill.
The blink frog hits you but does no damage. x2
Unknown command.
You miss the blink frog. Your kick misses the blink frog.
The blink frog hits you!
* * * LOW HITPOINT WARNING * * *
Unknown command.
You punch the blink frog! Your kick misses the blink frog.
The blink frog is heavily wounded.
The blink frog hits you but does no damage.
Unknown command.
You miss the blink frog. You kick the blink frog!
The blink frog is severely wounded.
The blink frog hits you!
You die...

..#........ .... ##
..........# #...... ...#
#....### .........
##.....##...# #......
.......# ##..../.#....#
##..... ..††..#
#............# #.....#.
..†.†.## ##............%
....####
.##P..P###..............
...
####............F.......
.. ..##.....####..F@F..#
. .###....## ##.....### #
.#.#.....###......# ##
..........##....### #.
###............## ... #.
# ##..####.....# .... ..
##..###.....######..## ..
#..##...##..#..#....# ..
####.....#.##...#.....###
..


You could see 3 blink frogs.

Vanquished Creatures
  The ghost of schauveau the Cleaver, a novice GrBe of Trog (D:10)
  2 hill giants (D:10)
  A queen bee (D:9)
  The ghost of murphy the Ducker, an amateur MfAE of Xom (D:4)
  2 two-headed ogres
  2 blink frogs (Lair:1)
  A slime creature (D:7)
  A wyvern (D:9)
  2 hungry ghosts
  2 vampire mosquitoes (D:10)
  2 water moccasins
  3 porcupines (Lair:1)
  2 orc warriors
  2 ice beasts
  An ogre (D:3)
  2 sky beasts
  5 necrophages (D:7)
  3 centaurs
  3 big kobolds
  2 giant frogs
  3 scorpions
  A wyvern skeleton (D:9)
  13 killer bees (D:9)
  5 howler monkeys
  A centaur zombie (D:7)
  5 crimson imps
  A giant frog zombie (D:8)
  A gnoll shaman (D:4)
  An orc priest (D:5)
  2 centaur skeletons
  5 hounds
  9 jellies
  A human skeleton (D:10)
  4 iguanas
  6 worker ants
  5 orc wizards
  2 hound skeletons
  A worker ant zombie (D:8)
  A howler monkey zombie (D:7)
  7 gnolls
  13 adders
  7 river rats (Lair:1)
  2 shadow imps
  18 oozes
  3 adder skeletons
  A worm (D:2)
  2 dart slugs (D:2)
  A giant gecko (D:2)
  30 orcs
  4 giant cockroaches
  7 goblins
  8 hobgoblins
  6 jackals
  A ball python (D:1)
  8 bats
  A giant gecko zombie (D:5)
  5 giant newts
  A jackal skeleton (D:4)
  25 kobolds
  10 rats
  3 toadstools (D:1)
270 creatures vanquished.

Vanquished Creatures (others)
  A bush (D:7)
  16 fungi
  6 plants (D:7)
  A toadstool (D:1)
24 creatures vanquished.

Grand Total: 294 creatures vanquished

Notes
Turn   | Place    | Note
--------------------------------------------------------------
     0 | D:1      | imganon the Demonspawn Berserker began the quest for the Orb.
     0 | D:1      | Reached XP level 1. HP: 18/18 MP: 1/1
   390 | D:1      | Gained mutation: You have a pair of small antennae on your head. [demonic ancestry]
   390 | D:1      | Reached XP level 2. HP: 24/24 MP: 2/2
   858 | D:2      | Found a faded altar to an unknown god.
   943 | D:2      | Gained mutation: You have large cloven feet. [demonic ancestry]
   943 | D:2      | Reached XP level 3. HP: 24/29 MP: 3/3
  1252 | D:2      | Reached skill level 1 in Unarmed Combat
  1489 | D:2      | Reached ** piety under Trog
  1919 | D:2      | Reached skill level 2 in Unarmed Combat
  1919 | D:2      | Gained mutation: You have hoof-like feet. [demonic ancestry]
  1919 | D:2      | Reached XP level 4. HP: 28/35 MP: 4/4
  2120 | D:2      | Found a shadowy altar of Dithmenos.
  2144 | D:2      | Found a white marble altar of Elyvilon.
  2264 | D:3      | Noticed an ogre
  2271 | D:3      | Killed an ogre
  2271 | D:3      | Reached skill level 3 in Unarmed Combat
  2271 | D:3      | Gained mutation: You have hooves in place of feet. [demonic ancestry]
  2271 | D:3      | Reached XP level 5. HP: 41/41 MP: 5/5
  2336 | D:3      | Found a sparkling altar of Nemelex Xobeh.
  2373 | D:3      | Noticed a centaur
  2383 | D:3      | Killed a centaur
  2383 | D:3      | Reached skill level 4 in Unarmed Combat
  2656 | D:3      | Reached XP level 6. HP: 42/47 MP: 6/6
  2771 | D:3      | Found a bloodstained altar of Trog.
  2935 | D:3      | Reached skill level 5 in Unarmed Combat
  2938 | D:3      | Found an iron altar of Okawaru.
  3158 | D:3      | Reached *** piety under Trog
  3308 | D:4      | Found a staircase to the Ecumenical Temple.
  3411 | D:4      | Noticed murphy's ghost (amateur MfAE)
  3422 | D:4      | Killed murphy's ghost
  3422 | D:4      | Reached skill level 6 in Unarmed Combat
  3422 | D:4      | Gained mutation: You regenerate a little health from kills. [demonic ancestry]
  3422 | D:4      | Reached XP level 7. HP: 52/52 MP: 7/7
  3841 | D:4      | Found a radiant altar of Vehumet.
  3887 | D:4      | Reached skill level 7 in Unarmed Combat
  4312 | D:5      | Entered Level 5 of the Dungeon
  4455 | D:5      | Reached skill level 8 in Unarmed Combat
  4455 | D:5      | Reached XP level 8. HP: 43/58 MP: 8/8
  4727 | D:5      | Reached **** piety under Trog
  5134 | D:6      | Reached skill level 9 in Unarmed Combat
  5983 | D:7      | Found an oddly glowing altar of Pakellas.
  5989 | D:7      | Found a basalt altar of Yredelemnul.
  5992 | D:7      | Found an ancient bone altar of Kikubaaqudgha.
  6003 | D:7      | Found a shimmering altar of Xom.
  6005 | D:7      | Found a sacrificial altar of Ru.
  6134 | D:7      | Reached skill level 10 in Unarmed Combat
  6327 | D:7      | Noticed a slime creature
  6348 | D:7      | Killed a slime creature
  6348 | D:7      | Reached XP level 9. HP: 44/63 MP: 9/9
  6394 | D:7      | Reached ***** piety under Trog
  6436 | D:7      | Found a blossoming altar of Fedhas.
  6463 | D:7      | Reached skill level 11 in Unarmed Combat
  6720 | D:8      | Found a staircase to the Lair.
  7186 | D:8      | Found Goydi's Antique Weapon Shop.
  7465 | D:9      | Reached skill level 12 in Unarmed Combat
  7482 | D:9      | Found a burning altar of Makhleb.
  7660 | D:9      | Noticed a queen bee
  7670 | D:9      | Reached XP level 10. HP: 19/70 MP: 10/10
  8266 | D:9      | Found a snail-covered altar of Cheibriados.
  8287 | D:9      | Reached skill level 13 in Unarmed Combat
  8441 | D:9      | Found a deep blue altar of Sif Muna.
  8482 | D:10     | Entered Level 10 of the Dungeon
  8694 | D:10     | Noticed schauveau's ghost (novice GrBe)
  8701 | D:10     | Noticed a hill giant
  8705 | D:10     | Killed schauveau's ghost
  8707 | D:10     | Killed a hill giant
  8707 | D:10     | Reached skill level 14 in Unarmed Combat
  8738 | D:10     | Received a gift from Trog
  8842 | D:10     | Noticed a hill giant
  8847 | D:10     | Killed a hill giant
  8909 | D:10     | Found a runed door.
  8925 | D:10     | Found a basalt altar of Yredelemnul.
  9285 | Lair:1   | Entered Level 1 of the Lair of Beasts
  9371 | Lair:1   | Gained mutation: You have a pair of antennae on your head. [demonic ancestry]
  9371 | Lair:1   | Reached XP level 11. HP: 74/75 MP: 11/11
  9756 | Lair:1   | Slain by a blink frog

Skill      XL: |  1  2  3  4  5  6  7  8  9 10 |
---------------+-------------------------------+-----
Axes           | 3 |  3.8
Unarmed Combat | 2 3 4 6 8 10 12 14 | 14.8
Fighting       | |  3.0
Armour         | |  1.7
Dodging        | |  1.7

Action                   |  1- 3 |  4- 6 |  7- 9 | 10-12 || total
-------------------------+-------+-------+-------+-------++-------
Melee: Hand axe          |   157 |   161 |   329 |       ||   647
       Kick              |    18 |    39 |   192 |    80 ||   329
       Punch             |       |     6 |    22 |    17 ||    45
       Unarmed           |       |       |   308 |   250 ||   558
Invok: Berserk           |       |     3 |     1 |     5 ||     9
       Trog's Hand       |       |       |     2 |     1 ||     3
  Use: Potion            |       |       |     1 |     2 ||     3
 Stab: Sleeping          |     1 |       |       |       ||     1
  Eat: Chunk             |     3 |     7 |    16 |     9 ||    35
       Fruit             |       |       |    17 |       ||    17
       Pizza             |       |       |     1 |       ||     1
       Bread ration      |       |       |     1 |       ||     1
Armor: Plate armour      |   125 |   138 |   432 |   154 ||   849
       Animal skin       |     1 |       |       |       ||     1
Dodge: Dodged            |    41 |    48 |   162 |    65 ||   316
